[Event "Emanuel Lasker Open 2017"]
[Site "Gorzow"]
[Date "2017.06.17"]
[Round "6"]
[White "Lukasiewicz, Krzysztof"]
[Black "Bartnicki, Pawel"]
[Result "0-1"]
[ECO "B90"]
[WhiteElo "2098"]
[BlackElo "2078"]
[Annotator "NA RC"]
[PlyCount "74"]
[EventDate "2017.??.??"]
[EventType "swiss"]
[EventCountry "POL"]
[SourceTitle "playchess.com"]
[Source "ChessBase"]
[SourceQuality "1"]
[TimeControl "40/5400+30:1800+30"]

1. e4 c5 2. Nf3 d6 3. d4 cxd4 4. Nxd4 Nf6 5. Nc3 a6 6. Bc4 b5 7. Bb3 Bb7 8. O-O Nbd7 {[%emt 0:09:20] B90: Sicilian Najdorf: Unusual White 6th moves, 6 Be3 Ng4 and 6 Be3 e5} 9. f4 (9. Re1 $14) (9. Bg5 e6 10. Re1 h6 11. Bxf6 Nxf6 12. Qd3 Nd7 13. Qh3 Nc5 14. Bd5 exd5 15. exd5+ Be7 16. Nf5 Bc8 17. Nxe7 Bxh3 18. Nc6+ Kd7 19. Nxd8 Rhxd8 20. gxh3 {0-1 (41) Grandelius,N (2642)-Jobava,B (2698) Sweden 2016}) 9... Nxe4 10. Nxe4 ({Reject} 10. Qh5 g6 $17) 10... Bxe4 11. Re1 ({Don't play} 11. Qh5 g6 $17) ({Better is} 11. f5 $11) 11... d5 $146 ({Predecessor:} 11... Nc5 12. Qe2 d5 13. Be3 e6 14. Nxb5 axb5 15. Bxc5 Bxc5+ {0-1 (15) Kelley,D-Hatala,J Seattle 1991}) 12. a4 b4 13. Be3 $1 Nc5 14. f5 (14. Nc6 $11 {keeps the balance.} Qd6 15. Bxd5 Bxd5 16. Nxb4) 14... Nxb3 15. cxb3 g6 16. f6 exf6 17. Rc1 Bg7 18. Nc6 Qd7 19. Bc5 $2 (19. Bf2 $17 {is more resistant.}) 19... Qxc6 20. Bxb4 Qe6 21. Rc7 Bf8 22. Qd4 Bxb4 23. Qxb4 Rd8 24. a5 Qd6 25. Qa4+ Kf8 26. Rec1 Kg7 27. R7c6 Qf4 28. Qd4 Qg5 29. g3 Qe5 30. Qf2 Rd6 31. b4 d4 32. R6c5 Rd5 33. Rc7 Rhd8 34. Ra7 R5d7 35. Rxa6 d3 36. Qd2 Qd4+ 37. Kf1 Rd5 0-1

[Event "Emanuel Lasker Open 2017"]
[Site "Gorzow"]
[Date "2017.06.17"]
[Round "6"]
[White "Jankowiak, Tomasz"]
[Black "Chyzy, Jakub"]
[Result "0-1"]
[ECO "C95"]
[WhiteElo "1903"]
[BlackElo "1838"]
[Annotator "NA RC"]
[PlyCount "90"]
[EventDate "2017.??.??"]
[EventType "swiss"]
[EventCountry "POL"]
[SourceTitle "playchess.com"]
[Source "ChessBase"]
[SourceQuality "1"]
[TimeControl "40/5400+30:1800+30"]

1. e4 e5 2. Nf3 Nc6 3. Bb5 a6 4. Ba4 Nf6 5. O-O Be7 6. Re1 b5 7. Bb3 d6 8. c3 O-O 9. h3 Nb8 10. d4 Nbd7 11. Nbd2 Bb7 12. Bc2 Re8 13. Nf1 Bf8 14. Ng3 g6 15. Bg5 h6 16. Bd2 Bg7 17. a4 c5 18. d5 c4 19. b4 cxb3 $1 20. Bxb3 {[%emt 0:00:30] LiveBook: 20 Games} Nc5 21. c4 Qd7 22. cxb5 axb5 23. a5 Nd3 24. Re3 Nf4 25. Bb4 Rec8 26. Ne2 N6h5 27. Nc3 g5 28. Nh2 Nf6 29. Qf1 Ba6 30. Ne2 h5 31. Ng3 Bf8 32. Qb1 Rc7 33. Nf5 Rac8 (33... Bc8 $11) 34. Re1 {[%emt 0:00:49] [#]} Rc1 $3 35. Qxc1 {[%emt 0:05:43] grupa B} Rxc1 36. Raxc1 {[%emt 0:00:12] grupa B} Nd3 {[%emt 0:01:12] grupa B} 37. Bd2 {[%emt 0:01:52] [#]} (37. Rc3 $142 Nxe1 38. f3) 37... Nxe1 $2 (37... Nxe4 $1 38. Rxe4 Qxf5) 38. Bxe1 Nxe4 39. g4 $2 (39. Ne3) 39... hxg4 40. hxg4 Nc5 41. Bc2 Qb7 42. Ne3 b4 43. Nf3 b3 44. Bb1 b2 45. Rd1 Be2 0-1